Map: Prion Terraces

Players

Miszu - Winner!

  • Race: Terran Terran
  • League: Master

Damrud

  • Race: Zerg Zerg
  • League: Master

VOD

Have the link to the VOD?

Description

Time

  • Played on: March 18, 2016, 3:57 p.m.
  • Length: 4:14
Show
View Real Time Build Order
Export as new Build Order

Miszu Terran - Winner!

Build Orders:  

Get SALT Encoding   

  12  0:00  SCV  
  13  0:13  SCV  
  14  0:17  Supply Depot  
  14  0:25  SCV  
  15  0:38  SCV  
  15  0:41  Barracks  
  16  0:44  Refinery  
  16  0:50  SCV  
  17  0:59  Barracks  
  17  1:03  SCV  
  18  1:15  SCV  
  19  1:20  Barracks  
  19  1:28  Reaper  
  19  1:30  Refinery  
  20  1:42  Orbital Command  
  20  1:47  Reaper  
  21  1:55  Supply Depot  
  21  2:00  Reaper  
  23  2:10  Reaper  
  23  2:16  SCV  
  23  2:20  Supply Depot  
  24  2:23  Reaper  
  24  2:29  SCV  
  26  2:39  Reaper  
  26  2:41  SCV  
  28  2:47  Reaper  
  29  2:53  SCV  
  29  2:55  Reaper  
  31  3:11  Reaper  
  32  3:16  SCV  
  32  3:17  Command Center  
  32  3:19  Reaper  
  34  3:29  Reaper  
  34  3:30  SCV  
  35  3:52  SCV  
  37  4:02  Command Center  
Show
View Real Time Build Order
Export as new Build Order

Damrud Zerg 

Build Orders: Hatch First 

Get SALT Encoding   

  12  0:01  Drone  
  13  0:12  Overlord  
  13  0:17  Drone  
  14  0:30  Drone x2  
  16  0:37  Drone  
  17  0:54  Hatchery  
  17  0:55  Drone  
  17  0:59  Drone  
  18  1:09  Extractor  
  17  1:14  Spawning Pool  
  17  1:17  Drone  
  17  1:20  Drone  
  18  1:29  Drone  
  19  1:38  Overlord  
  20  2:01  Zergling x4  
  20  2:02  Queen  
  20  2:05  Queen  
  25  2:11  Drone x2  
  27  2:18  Drone  
  28  2:23  Drone  
  28  2:28  Metabolic Boost  
  28  2:32  Spore Crawler  
  28  2:36  Spore Crawler  
  26  2:38  Drone x2  
  29  2:46  Queen x2  
  32  2:55  Roach Warren  
  31  3:00  Zergling x4  
  30  3:13  Zergling x8  
  34  3:21  Zergling x2  
  34  3:22  Zergling x4  
  30  3:44  Roach x3  
  35  3:49  Overlord  
  35  3:50  Roach  
Tags
 
Add a new tag
Caveats
  • Supply blocks, unpowered buildings, or Contaminate may cause inaccurate times.
  • Supply counts are checked every 10 seconds.